 Dungeon Crawl Stone Soup version 0.23-a0-4-g8f018a2 (webtiles) character file.

3264 Kuinu the Arsonist (level 9, 0/93 HPs)
             Began as a Black Draconian Fire Elementalist on Aug 1, 2018.
             Slain by a hog (3 damage)
             ... on level 7 of the Dungeon.
             The game lasted 00:26:39 (9871 turns).

Kuinu the Arsonist (DrFE)                           Turns: 9871, Time: 00:26:39

Health: 0/93       AC:  7    Str: 18    XL:     9   Next: 68%
Magic:  7/17       EV: 12    Int: 18    God:
Gold:   212        SH:  0    Dex: 12    Spells: 6/19 levels left

rFire    . . .     SeeInvis .   r - +8 great sword of Waugg {pain, Str+2}
rCold    . . .     Gourm    +   (shield currently unavailable)
rNeg     . . .     Faith    .   (armour unavailable)
rPois    .         Spirit   .   (helmet restricted)
rElec    +         Reflect  .   (no cloak)
rCorr    .         Harm     .   (no gloves)
MR       .....                  (no boots)
Stlth    ..........             l - amulet of the gourmand
HPRegen  0.25/turn              (no ring)
MPRegen  0.15/turn              (no ring)

@: berserking (expiring), very quick
A: breathe lightning, unfitting armour, electricity resistance, cold-blooded, AC
+7
a: Breathe Lightning


You were on level 7 of the Dungeon.
You were completely stuffed.

You visited 1 branch of the dungeon, and saw 8 of its levels.

You collected 419 gold pieces.
You spent 207 gold pieces at shops.

Inventory:

Hand Weapons
 c - a +0 club
 e - a +1 antimagic dagger
 f - a +2 dagger of speed
 n - a +0 flail
 q - a +0 halberd
 r - the +8 great sword of Waugg (weapon) {pain, Str+2}
   (You bought it in a shop on level 5 of the Dungeon)

   In the hands of one skilled in necromantic magic, it inflicts extra damage on
   living creatures.
   It affects your strength (+2).
 u - a +1 war axe of freezing
 v - a +2 dagger of speed
 y - a +4 scimitar of slicing
Jewellery
 l - an amulet of the gourmand (around neck)
Scrolls
 d - a scroll of random uselessness {unknown}
 i - 2 scrolls of magic mapping {unknown}
 j - a scroll of remove curse
 t - a scroll of enchant armour
Potions
 a - a potion of flight {unknown}
 g - a potion of curing
 h - a potion of resistance
 k - 3 potions of lignification
 m - a potion of berserk rage
 o - a potion of degeneration {unknown}
 p - a potion of might {unknown}
 s - a potion of brilliance {unknown}
 w - a potion of mutation {unknown}
Comestibles
 b - 12 rations
 x - 7 chunks of flesh


   Skills:
 - Level 1.7 Dodging
 - Level 1.7 Stealth
 + Level 5.9 Spellcasting
 * Level 8.7 Conjurations
 * Level 9.2 Fire Magic


You had 6 spell levels left.
You knew the following spells:

 Your Spells              Type           Power        Failure   Level  Hunger
a - Flame Tongue          Conj/Fire      #####        1%          1    None
b - Conjure Flame         Conj/Fire      #####...     1%          3    ##.....
c - Sticky Flame          Conj/Fire      #####...     3%          4    ####...
d - Fireball              Conj/Fire      #####.....   9%          5    #####..

Your spell library contained the following spells:

 Spells                   Type           Power        Failure   Level  Hunger
 Throw Flame              Conj/Fire      #####.       1%          2    None
 Inner Flame              Hex/Fire       ###.....     5%          3    ##.....


Dungeon Overview and Level Annotations

Branches:
Dungeon (8/15)
 Temple: D:4-7         Lair: D:8-11

Altars:
Ashenzari
Cheibriados
Dithmenos
Okawaru
Xom

Shops:
D:5 *


Innate Abilities, Weirdness & Mutations

You can breathe wild blasts of lightning.
Your glossy black scales are hard. (AC +7)
You cannot fit into any form of body armour.
You are resistant to electric shocks. (rElec)
You are cold-blooded and may be slowed by cold attacks.


Message History

You slash the hog!
Your tail-slap misses the hog.
The hog is severely wounded.
The hog barely misses you.
You riposte.
You slice the hog!!
You kill the hog!
You slice the hog!!
The hog is heavily wounded.
The hog bites you.
* * * LOW HITPOINT WARNING * * *
The hog bites you but does no damage.
You closely miss the hog.
The hog is heavily wounded.
The hog bites you.
* * * LOW HITPOINT WARNING * * *
You closely miss the hog.
The hog is heavily wounded.
The hog bites you but does no damage. x2
You hit the hog.
The hog is severely wounded.
The hog bites you.
You die...

.# .# ####.####
#.......# #.......#
.
#.########.......#
...####
#................#
......#
######.###.......#
....#.# #@#
#.......# .##.#.##
# ##h###.......#
.##....#.#
#...#####..###
.##......# ##)##
##..######
.........#
#..#..#..รท.....###
.##.....##
#..#..##.###......
###>...##
#..'..##.# #...###
#...## #%.#..##.#
##### # #.###
#%%#..##.# #


You could see a hog.

Vanquished Creatures
  Pikel (D:5)
  Prince Ribbit (D:6)
  3 hogs (D:7)
  A human (D:7)
  Menkaure (D:4)
  3 ice beasts
  A sky beast (D:7)
  A phantom (D:4)
  A slave (D:5)
  2 ogres
  2 centaurs
  2 big kobolds (D:4)
  Blork the orc (D:5)
  2 bullfrogs
  A scorpion (D:6)
  2 howler monkeys
  2 crimson imps
  An orc priest (D:3)
  3 hounds
  A gnoll shaman (D:4)
  An iguana (D:4)
  3 orc wizards
  4 worker ants
  6 gnolls
  6 adders
  A river rat (D:4)
  A shadow imp (D:5)
  2 oozes (D:1)
  An adder zombie (D:3)
  An adder skeleton (D:4)
  4 worms
  2 dart slugs
  4 leopard geckos
  11 orcs
  5 ball pythons
  9 bats
  5 giant cockroaches
  16 hobgoblins
  13 jackals
  5 quokkas
  6 frilled lizards
  5 goblins
  13 kobolds
  A quokka skeleton (D:4)
  11 rats
168 creatures vanquished.

Notes
Turn   | Place    | Note
-------+----------+-------------------------------------------
     0 | D:1      | Kuinu the Draconian Fire Elementalist began the quest for the Orb.
     0 | D:1      | Reached XP level 1. HP: 14/14 MP: 3/3
    59 | D:1      | Reached XP level 2. HP: 16/20 MP: 0/5
   792 | D:1      | Reached XP level 3. HP: 11/26 MP: 2/6
  1670 | D:2      | Learned a level 3 spell: Conjure Flame
  1934 | D:2      | Found a shadowy altar of Dithmenos.
  1966 | D:2      | Reached XP level 4. HP: 33/33 MP: 2/7
  2113 | D:2      | Reached skill level 4 in Fire Magic
  2923 | D:3      | Reached XP level 5. HP: 36/38 MP: 6/9
  2930 | D:3      | Learned a level 4 spell: Sticky Flame
  4411 | D:4      | Reached XP level 6. HP: 43/45 MP: 4/10
  4504 | D:4      | Reached skill level 5 in Fire Magic
  5175 | D:4      | Your scales start taking on a glossy black colour.
  5175 | D:4      | Reached XP level 7. HP: 19/50 MP: 2/12
  5175 | D:4      | Gained mutation: You are resistant to electric shocks. (rElec) [Black Draconian growth]
  5403 | D:4      | Noticed Menkaure
  5914 | D:3      | Learned a level 5 spell: Fireball
  5929 | D:4      | Killed Menkaure
  5929 | D:4      | Reached skill level 5 in Conjurations
  6191 | D:4      | Reached skill level 6 in Fire Magic
  7100 | D:5      | Entered Level 5 of the Dungeon
  7156 | D:5      | Reached XP level 8. HP: 22/57 MP: 9/14
  7839 | D:5      | Found Zism's Assorted Antiques.
  7842 | D:5      | Bought a smoking great sword for 207 gold pieces
  7842 | D:5      | Identified the +8 great sword of Waugg {pain, Str+2} (You bought it in a shop on level 5 of the Dungeon)
  7912 | D:5      | Noticed Blork the orc
  7915 | D:5      | Killed Blork the orc
  8040 | D:5      | Noticed Pikel
  8049 | D:5      | Killed Pikel
  8049 | D:5      | Reached skill level 7 in Fire Magic
  8718 | D:6      | Found a snail-covered altar of Cheibriados.
  8745 | D:6      | Reached skill level 5 in Spellcasting
  8752 | D:6      | Reached skill level 8 in Fire Magic
  8767 | D:6      | Reached XP level 9. HP: 44/62 MP: 3/16
  8770 | D:6      | Noticed Prince Ribbit
  8823 | D:6      | Killed Prince Ribbit
  9204 | D:6      | You fall through a shaft for 2 floors!
  9219 | D:7      | Found a shattered altar of Ashenzari.
  9785 | D:7      | Found an iron altar of Okawaru.
  9785 | D:7      | Found a shimmering altar of Xom.
  9862 | D:7      | Reached skill level 9 in Fire Magic
  9869 | D:7      | HP: 2/93 [hog (4)]
  9871 | D:7      | Slain by a hog

Vault maps used:
D:1:      nzn_arrival_crosshair, serial_corexii_hall, corexii_hall_statues_x,
          corexii_hall_statues_i, corexii_hall_statues_deadend,
          corexii_hall_statues_x, corexii_hall_statues_deadend,
          corexii_hall_statues_x, minmay_shallow_snake_nest
D:2:      lemuel_doored_altar
D:3:      serial_corexii_hall, corexii_hall_statues_x, corexii_hall_statues_l,
          corexii_hall_statues_deadend, corexii_hall_statues_u,
          kennysheep_doodads
D:4:      cheibrodos_thug_alley, gup_sewer_entry_spiral, uniq_menkaure
D:5:      first_ration, serial_shops, kennysheep_mini, uniq_blork_the_orc,
          uniq_pikel
D:6:      nicolae_overflow_hidden_temple, grunt_ministairs_5, st_stairs_13,
          uniq_prince_ribbit1
D:7:      nicolae_overflow_crystal_walls,
          chequers_temple_overflow_statue_of_worship,
          minmay_temple_entry_nine_rooms, serial_shops, shop, grunt_livestock
D:8:      nicolae_ru_path_of_blood, lair_entry_dummy, uniq_gastronok

Skill      XL: |  1  2  3  4  5  6  7  8  9 |
---------------+----------------------------+-----
Conjurations   | 2 3 4 5 7 8 |  8.7
Fire Magic     | 4 5 6 8 9 |  9.2
Spellcasting   | 3 4 5 |  5.9
Dodging        | |  1.7
Stealth        | |  1.7

Action                   |  1- 3 |  4- 6 |  7- 9 || total
-------------------------+-------+-------+-------++-------
Melee: Club              |    33 |    17 |       ||    50
       Tailslap          |    10 |    11 |     5 ||    26
       Dagger            |    76 |    25 |       ||   101
       Flail             |       |    10 |       ||    10
       War axe           |       |    29 |    30 ||    59
       Great sword       |       |       |    51 ||    51
 Cast: Flame Tongue      |    46 |   119 |    97 ||   262
       Conjure Flame     |       |     4 |     2 ||     6
       Sticky Flame      |       |       |    19 ||    19
 Abil: Breathe Lightning |       |       |     1 ||     1
  Use: Scroll            |       |     6 |     4 ||    10
       Potion            |       |       |     4 ||     4
 Stab: Sleeping          |       |       |     1 ||     1
  Eat: Chunk             |     4 |    25 |    20 ||    49
Armor: Skin              |    77 |    35 |    44 ||   156
Dodge: Dodged            |   127 |    87 |    95 ||   309
       Rpst.: Great sword |       |       |    12 ||    12

Table legend:
 A = Spawn XP
 B = Non-spawn XP
 C = Spawn XP percentage of total XP
 D = Spawn monster count
 E = Non-spawn monster count
 F = Spawn count percentage of total count
 G = Total turns spent on level
                    A         B        C        D         E        F      G
               +---------+---------+-------+---------+---------+-------+---------
         Total |       0 |    4664 |   0.0 |       0 |     167 |   0.0 |  9871
               +---------+---------+-------+---------+---------+-------+---------
           D:1 |       0 |      62 |   0.0 |       0 |      29 |   0.0 |  1452
           D:2 |       0 |      94 |   0.0 |       0 |      28 |   0.0 |  1445
           D:3 |       0 |     126 |   0.0 |       0 |      24 |   0.0 |  1646
           D:4 |       0 |    1065 |   0.0 |       0 |      46 |   0.0 |  2557
           D:5 |       0 |    1109 |   0.0 |       0 |      12 |   0.0 |  1616
           D:6 |       0 |     864 |   0.0 |       0 |      15 |   0.0 |   675
           D:7 |       0 |    1344 |   0.0 |       0 |      13 |   0.0 |   476
               +---------+---------+-------+---------+---------+-------+---------
